 Dungeon Crawl Stone Soup version 0.29.1-13-g9f3cf754e1 (webtiles) character file.

Game seed: 17621298161465109858

46 shadowmeld the Insei (level 3, -2/40 HPs)
             Began as a Djinni Transmuter on Feb 1, 2023.
             Slain by Natasha (4 damage)
             ... on level 2 of the Dungeon.
             The game lasted 00:06:15 (2132 turns).

shadowmeld the Insei (Djinni Transmuter)            Turns: 2132, Time: 00:06:16

Health: -2/40      AC: 21    Str:  9    XL:     3   Next: 92%
Gold:   75         EV:  2    Int: 16    God:
                   SH:  0    Dex: 13

rFire   . . .      SeeInvis .     - Unarmed
rCold   . . .      Faith    .   (no shield)
rNeg    . . .      Spirit   .   (body armour currently unavailable)
rPois   ∞          Reflect  .   (helmet currently unavailable)
rElec   .          Harm     .   (cloak currently unavailable)
rCorr   .          Rampage  .   (gloves currently unavailable)
Will    .....      NoTele   +   (boots unavailable)
Stlth   +.........              (no amulet)
HPRegen 0.13/turn               (no ring)
MPRegen 0.00/turn               (no ring)

@: tree-form, slowed, very slow
A: stationary, stasis, torment immunity, boosted hp, sickness immunity, (fire
resistance 2), (cold vulnerability 1), float, innate caster, HP casting, extra
vitality 1
a: no special abilities


You were on level 2 of the Dungeon.
You were a tree.
You visited 1 branch of the dungeon, and saw 2 of its levels.

You collected 75 gold pieces.

Inventory:

Armour
 a - a +0 robe (melded)
Scrolls
 b - a scroll of amnesia {unknown}
 c - a scroll of butterflies {unknown}
 d - a scroll of enchant weapon {unknown}
 e - 2 scrolls of identify {unknown}
Potions
 h - a potion of berserk rage {unknown}


   Skills:
 * Level 1.5 Fighting
 * Level 2.7 Dodging
 + Level 3.4 Unarmed Combat
 * Level 2.2 Spellcasting


You couldn't memorise any spells.
You knew the following spells:

 Your Spells              Type           Power      Damage    Failure   Level
a - Beastly Appendage     Tmut           16%        N/A       9%          1
b - Wereblood             Tmut           8%         N/A       12%         2
c - Spider Form           Tmut/Pois      8%         N/A       24%         3
d - Ice Form              Ice/Tmut       8%         N/A       63%         4
e - Sting                 Tmut/Pois      32%        1d4       9%          1
Your spell library was empty.

Dungeon Overview and Level Annotations

Branches:
Dungeon (2/15)

Altars:

Annotations:
D:2 Natasha


Innate Abilities, Weirdness & Mutations

You are a tree.
Your roots penetrate the ground, keeping you stationary.
You cannot be teleported.
You are immune to unholy pain and torment.
Your maximum health is greatly increased.
Your equipment is partially melded.
You are immune to sickness and miasma.
You are immune to poison.
((Your flesh is very heat resistant. (rF++)))
((You are vulnerable to cold. (rC-)))
You float through the air rather than walking.
You learn spells naturally, not from books.
Your magical power is your life essence.
You have superior vitality. (+4 MHP)


Message History

You hit the crimson imp but do no damage.
The crimson imp is lightly wounded.
The crimson imp blinks!
Natasha casts a spell at you.
You feel yourself slow down.
The crimson imp blinks!
Natasha barely misses you.
You closely miss Natasha. Natasha closely misses you.
The crimson imp shouts, "Get thee gone, thou warped hedge-born zombie-fodder!"
Casting: Beastly Appendage (safe; 9% risk of failure)
Confirm with . or Enter, or press ? or * to list all spells.
You grow a pair of large bovine horns.
Natasha casts a spell at you. The magic dart hits you!
The crimson imp hits you.
Natasha mumbles some strange words.
Natasha shimmers violently.
Natasha claws you. The crimson imp barely misses you.
Your magical contamination has completely faded away.
You barely miss Natasha. Your headbutt misses Natasha.
Natasha casts a spell at you. The magic dart hits you.
The crimson imp blinks!
You hit Natasha. Your headbutt misses Natasha.
Natasha is lightly wounded.
Natasha casts a spell at you. You resist with some effort. Natasha claws you.
You feel better. Natasha casts a spell at you. The magic dart hits you!
* * * LOW HITPOINT WARNING * * *
The crimson imp hits you.
* * * LOW HITPOINT WARNING * * *
Really quaff the potion of lignification?
Your horns disappear.
You turn into a tree.
Your +0 robe melds into your body.
Your roots penetrate the ground.
Natasha stares at you and mumbles some strange words.
The magic dart hits you!
* * * LOW HITPOINT WARNING * * *
The crimson imp hits you but does no damage.
Natasha claws you.
You die...

#.....## #.....#
#....## ##### #....#
#...####....#
#...##.....##
#...#..#.###
######.÷...##.######
..............5♣h..#
##..#..###....####.....
##........#...# ##.
###..........######..
.<.####............#
... ###........# ##.#
#........# ..
#...†....# #...######


You could see Natasha and a crimson imp (summoned).

Vanquished Creatures
  An adder (D:2)
  A worm (D:2)
  A dart slug (D:1)
  4 endoplasms (D:1)
  2 giant cockroaches (D:1)
  8 hobgoblins (D:1)
  A quokka (D:1)
  A ball python (D:2)
  3 bats
  2 frilled lizards (D:1)
  2 goblins (D:1)
  2 kobolds (D:1)
  2 rats
30 creatures vanquished.

Notes
Turn   | Place    | Note
-------+----------+-------------------------------------------
     0 | D:1      | shadowmeld the Djinni Transmuter began the quest for the
                  | Orb.
     0 | D:1      | shadowmeld set off with the following spells memorised:
                  | Beastly Appendage, Wereblood, Spider Form, Ice Form.
     0 | D:1      | Reached XP level 1. HP: 17/17 MP: 0/0
   300 | D:1      | Reached XP level 2. HP: 19/22 MP: 0/0
   666 | D:1      | Reached XP level 3. HP: 8/27 MP: 0/0
   666 | D:1      | Learned a level 1 spell: Sting
  2038 | D:2      | Found a faded altar of an unknown god.
  2120 | D:2      | Noticed Natasha
  2132 | D:2      | HP: 2/40 [Natasha/magic dart (8)]
  2132 | D:2      | Slain by Natasha

Illustrated notes

Levels and vault maps discovered:
D:1:      lightli_arrival_noodles, layout_loops_ring
D:2:      layout_rooms, hellmonk_ecumenical_altar_zigzags, uniq_natasha

Skill      XL: |  1  2  3 |
---------------+----------+-----
Spellcasting   | 2 |  2.2
Fighting       | |  1.5
Dodging        | |  2.7
Unarmed Combat | |  3.4

Action                   || total
-------------------------++-------
Melee: Unarmed           ||    72
       Headbutt          ||     9
 Cast: Beastly Appendage ||    13
       Sting             ||    37
  Use: Potion            ||     3
Armor: Robe              ||     8
       Skin              ||     4
Dodge: Dodged            ||    40
